Map: Deathaura LE

Players

Heeebster - Winner!

  • Race: Protoss Protoss
  • League: Diamond
  • Spawn Location: 11:00

KaLiD

  • Race: Terran Terran
  • League: Master
  • Spawn Location: 5:00

VOD

Have the link to the VOD?

Description

Time

  • Played on: Nov. 16, 2020, 8:55 p.m.
  • Length: 10:45
Show
View Real Time Build Order
Export as new Build Order

Heeebster Protoss - Winner!

Build Orders: 1 Gate Expand, Oracle Opening 

Get SALT Encoding   

  12  0:01  Probe  
  13  0:16  Pylon  
  13  0:18  Probe (Chrono Boost)  
  15  0:29  Probe (Chrono Boost)  
  15  0:34  Gateway  
  15  0:36  Probe  
  16  0:43  Assimilator  
  16  0:48  Probe  
  17  1:00  Probe (Chrono Boost)  
  18  1:13  Probe (Chrono Boost)  
  19  1:20  Probe (Chrono Boost)  
  19  1:25  Nexus  
  20  1:34  Cybernetics Core  
  20  1:42  Pylon  
  20  1:45  Probe  
  21  1:52  Assimilator  
  21  1:57  Probe  
  22  2:08  Stalker (Chrono Boost)  
  22  2:09  Probe  
  22  2:11  Warp Gate  
  25  2:21  Probe  
  26  2:29  Stargate  
  26  2:34  Probe (Chrono Boost)  
  27  2:37  Pylon, Probe (Chrono Boost)  
  28  2:49  Probe (Chrono Boost)  
  30  2:52  Probe (Chrono Boost)  
  30  2:55  Probe (Chrono Boost)  
  30  2:58  Probe (Chrono Boost)  
  32  3:03  Probe  
  33  3:07  Stalker  
  33  3:10  Oracle (Chrono Boost)  
  35  3:15  Probe  
  35  3:16  Probe  
  35  3:18  Shield Battery  
  40  3:22  Assimilator  
  40  3:27  Probe  
  40  3:28  Probe  
  40  3:33  Stargate  
  42  3:39  Pylon  
  42  3:40  Probe (Chrono Boost)  
  44  3:43  Probe (Chrono Boost)  
  44  3:50  Void Ray (Chrono Boost)  
  44  3:51  Assimilator  
  44  3:52  Probe (Chrono Boost)  
  46  3:56  Probe (Chrono Boost)  
  46  3:57  Probe (Chrono Boost)  
  46  4:01  Pylon  
  51  4:04  Probe  
  51  4:06  Probe  
  53  4:24  Void Ray (Chrono Boost)  
  53  4:25  Probe  
  54  4:34  Void Ray (Chrono Boost)  
  54  4:35  Probe  
  54  4:37  Probe  
  64  4:44  Pylon  
  64  4:49  Nexus  
  64  4:50  Pylon  
  60  5:08  Probe x2  
  60  5:09  Void Ray (Chrono Boost)  
  62  5:16  Void Ray (Chrono Boost)  
  62  5:20  Probe x2  
  72  5:24  Shield Battery, Protoss Air Weapons Level 1 (Chrono Boost)  
  72  5:28  Shield Battery  
  72  5:31  Assimilator  
  72  5:32  Probe  
  72  5:33  Assimilator  
  72  5:34  Probe  
  72  5:35  Shield Battery  
  74  5:37  Shield Battery  
  74  5:48  Fleet Beacon  
  74  5:51  Probe (Chrono Boost)  
  74  5:52  Probe (Chrono Boost)  
  76  6:03  Probe (Chrono Boost)  
  79  6:06  Probe x2 (Chrono Boost)  
  79  6:09  Probe (Chrono Boost)  
  80  6:14  Probe (Chrono Boost)  
  80  6:18  Flux Vanes  
  83  6:19  Probe (Chrono Boost)  
  83  6:22  Stargate, Probe (Chrono Boost)  
  83  6:29  Probe, Void Ray x2  
  83  6:30  Probe x2  
  94  6:41  Probe  
  94  6:42  Probe x2  
  94  6:43  Pylon  
  97  6:52  Stargate  
  97  6:53  Probe  
  98  6:54  Probe x2  
  97  7:05  Probe  
  97  7:06  Probe x2  
  100  7:11  Forge  
  100  7:13  Carrier  
  106  7:15  Pylon  
  106  7:17  Probe  
  107  7:26  Pylon  
  107  7:33  Carrier (Chrono Boost)  
  107  7:34  Probe  
  114  7:40  Protoss Air Weapons Level 2 (Chrono Boost)  
  114  7:41  Protoss Shields Level 1  
  114  7:44  Pylon  
  120  7:45  Pylon  
  120  7:48  Pylon  
  120  7:49  Photon Cannon  
  120  7:51  Photon Cannon  
  120  7:55  Carrier (Chrono Boost)  
  120  8:00  Probe x3  
  129  8:06  Carrier (Chrono Boost)  
  131  8:30  Carrier (Chrono Boost)  
  131  8:31  Void Ray (Chrono Boost)  
  131  8:35  Nexus  
  135  8:47  Pylon, Void Ray (Chrono Boost)  
  139  8:49  Pylon  
  139  8:52  Assimilator, Void Ray (Chrono Boost)  
  139  8:55  Photon Cannon  
  139  8:56  Assimilator, Photon Cannon  
  139  8:58  Void Ray  
  139  9:01  Pylon x2  
  143  9:04  Photon Cannon  
  143  9:05  Photon Cannon  
  134  9:17  Void Ray (Chrono Boost)  
  138  9:26  Void Ray (Chrono Boost)  
  138  9:27  Probe x2  
  138  9:28  Probe  
  145  9:33  Void Ray (Chrono Boost)  
  145  9:34  Void Ray (Chrono Boost)  
  149  9:39  Probe x2  
  149  9:40  Probe  
  156  9:46  Photon Cannon  
  156  9:48  Photon Cannon  
  156  9:50  Photon Cannon  
  156  9:56  Probe x2  
  156  9:57  Probe x2, Void Ray (Chrono Boost)  
  164  10:04  Pylon  
  164  10:05  Pylon  
  164  10:08  Probe x2  
  174  10:22  Twilight Council  
  174  10:24  Photon Cannon  
  174  10:25  Probe x2  
  174  10:27  Pylon  
Show
View Real Time Build Order
Export as new Build Order

KaLiD Terran 

Build Orders: Reaper Expand 

Get SALT Encoding   

  12  0:01  SCV  
  13  0:13  SCV  
  14  0:17  Supply Depot  
  14  0:25  SCV  
  15  0:39  SCV  
  15  0:42  Barracks  
  16  0:46  Refinery  
  16  0:51  SCV  
  17  1:03  SCV  
  18  1:15  SCV  
  19  1:31  Reaper  
  21  1:37  Orbital Command  
  20  1:45  Command Center  
  20  1:55  Supply Depot  
  20  2:05  Marine  
  20  2:07  Factory  
  21  2:11  SCV  
  22  2:22  Bunker  
  22  2:23  SCV  
  22  2:27  Barracks Reactor  
  23  2:35  SCV  
  24  2:44  Refinery  
  24  2:47  SCV  
  25  2:59  SCV  
  25  3:02  Orbital Command  
  25  3:05  Starport  
  26  3:11  SCV  
  27  3:23  SCV  
  28  3:29  Hellion  
  28  3:30  SCV, Hellion  
  33  3:35  SCV  
  33  3:37  Barracks Tech Lab  
  33  3:39  Supply Depot  
  34  3:42  SCV  
  35  3:49  SCV  
  35  3:51  Hellion x2  
  35  3:54  SCV  
  41  4:01  SCV  
  42  4:04  Medivac  
  42  4:05  Command Center  
  40  4:22  Marine x2  
  39  4:24  Cyclone  
  39  4:27  SCV x2  
  44  4:39  SCV, Viking  
  41  5:11  SCV x2  
  41  5:12  Marine x2  
  41  5:13  Cyclone, Mag-Field Accelerator  
  44  5:23  SCV x2  
  44  5:24  Barracks  
  44  5:26  Barracks  
  46  5:30  Marine x2  
  46  5:35  SCV x2  
  49  5:36  Engineering Bay  
  49  5:42  Orbital Command  
  50  5:47  SCV x2, Siege Tank, Marine  
  50  5:48  Marine  
  57  5:55  Supply Depot  
  57  5:59  SCV  
  57  6:00  SCV  
  59  6:05  Missile Turret  
  59  6:08  Missile Turret, SCV  
  59  6:09  Marine x2  
  62  6:11  SCV  
  62  6:12  SCV  
  62  6:14  Terran Infantry Weapons Level 1  
  64  6:18  Supply Depot  
  64  6:19  Supply Depot  
  64  6:20  Barracks Tech Lab, SCV  
  64  6:21  Barracks Tech Lab  
  64  6:22  Siege Tank  
  64  6:24  SCV  
  69  6:34  SCV  
  69  6:36  SCV  
  69  6:37  Refinery  
  69  6:39  Marine x2, Refinery  
  73  6:40  Supply Depot  
  73  6:41  Stimpack  
  73  6:44  SCV  
  73  6:46  SCV  
  75  6:48  SCV  
  76  6:56  SCV  
  76  6:58  Supply Depot  
  77  7:08  SCV  
  78  7:10  Marine x3  
  78  7:11  Marauder, Refinery, Siege Tank  
  78  7:12  Starport Reactor  
  78  7:13  SCV, Refinery  
  87  7:15  Orbital Command  
  87  7:21  Combat Shield  
  87  7:31  Supply Depot, SCV  
  87  7:32  SCV, Supply Depot  
  89  7:42  Marine x3  
  89  7:43  Marine  
  89  7:44  SCV  
  94  7:47  SCV  
  94  7:49  Viking  
  94  7:50  Viking  
  99  7:55  Supply Depot  
  99  8:00  Marine x3  
  99  8:01  Marauder  
  99  8:02  SCV, Barracks  
  99  8:03  Barracks  
  99  8:04  SCV  
  107  8:08  Terran Infantry Armor Level 1  
  107  8:15  Command Center  
  107  8:18  Marine x3  
  108  8:25  Marine  
  109  8:28  Medivac  
  109  8:29  Medivac  
  111  8:36  Marine x2  
  111  8:39  Marine  
  114  8:41  SCV  
  114  8:42  SCV  
  114  8:43  Concussive Shells, Marine, Command Center  
  117  8:54  SCV  
  118  9:03  Supply Depot  
  118  9:05  Supply Depot  
  118  9:10  SCV x2  
  118  9:16  Marine  
  118  9:17  Marine x4  
  95  9:22  SCV  
  95  9:23  SCV  
  84  9:26  Barracks Reactor  
  82  9:34  Marine x2  
  82  9:35  Marine x2  
  82  9:36  Orbital Command  
  87  9:45  Starport, Viking x2  
  91  9:47  Starport  
  91  9:48  Starport, Barracks Reactor  
  91  9:52  Marine x2  
  91  9:59  SCV x2  
  94  10:07  Engineering Bay  
  94  10:08  Armory, Marine x2  
  94  10:11  SCV x2  
  94  10:12  Marine x4  
  104  10:24  SCV  
  104  10:25  SCV  
  104  10:26  Marine x2  
Tags
 
Add a new tag
Caveats
  • Supply blocks, unpowered buildings, or Contaminate may cause inaccurate times.
  • Supply counts are checked every 10 seconds.